 Dungeon Crawl Stone Soup version 0.27-a0-1281-ge233d83751 (webtiles) character file.

Game seed: 1743968280684829042

32 freelancePsychic the Sneak (level 3, -3/24 HPs)
             Began as a Vampire Enchanter on June 13, 2021.
             Slain by a hobgoblin (7 damage)
             ... led by Robin
             ... on level 2 of the Dungeon.
             The game lasted 00:03:16 (1008 turns).

freelancePsychic the Sneak (Vampire Enchanter)      Turns: 1008, Time: 00:03:17

Health: -3/24      AC:  2    Str:  7    XL:     3   Next: 10%
Magic:  0/6        EV: 12    Int: 18    God:
Gold:   47         SH:  0    Dex: 14    Spells: 3/6 levels left

rFire    . . .     SeeInvis +   a - +2 dagger
rCold    . . .     Faith    .   (no shield)
rNeg     . . .     Spirit   .   b - +0 robe
rPois    .         Reflect  .   (no helmet)
rElec    .         Harm     .   (no cloak)
rCorr    .         Rampage  .   (no gloves)
Will     .....                  (no boots)
Stlth    +++.......             (no amulet)
HPRegen  0.28/turn              (no ring)
MPRegen  0.10/turn              (no ring)

@: healing quickly
A: alive, fangs 3, see invisible, vampiric 2
a: Exsanguinate


You were on level 2 of the Dungeon.
You visited 1 branch of the dungeon, and saw 2 of its levels.

You collected 47 gold pieces.

Inventory:

Hand Weapons
 a - a +2 dagger (weapon)
Armour
 b - a +0 robe (worn)
Scrolls
 c - a scroll of blinking {unknown}
 e - a scroll of identify {unknown}
 g - a scroll of amnesia {unknown}
Potions
 f - a potion of might {unknown}


   Skills:
 + Level 1.7 Short Blades
 - Level 2.1 Dodging
 * Level 5.3 Stealth
 - Level 2.0 Spellcasting
 * Level 5.2 Hexes
 + Level 0.2 Ice Magic


You had 3 spell levels left.
You knew the following spells:

 Your Spells              Type           Power      Damage    Failure   Level
a - Corona                Hex            22%        N/A       2%          1
b - Ensorcelled Hibernat  Hex/Ice        22%        N/A       9%          2

Your spell library contained the following spells:

 Spells                   Type           Power      Damage    Failure   Level
 Confusing Touch          Hex            20%        N/A       6%          3
 Tukima's Dance           Hex            20%        N/A       6%          3
 Dazzling Flash           Conj/Hex       22%        N/A       19%         3


Dungeon Overview and Level Annotations

Branches:
Dungeon (2/15)

Altars:

Annotations:
D:2 Robin


Innate Abilities, Weirdness & Mutations

Your natural rate of healing is accelerated.
You have razor-sharp teeth.
You have supernaturally acute eyesight. (SInv)
You are afflicted with vampirism and can become a bat while bloodless.


Message History

* * * LOW HITPOINT WARNING * * *
You barely miss the goblin. The goblin barely misses you.
The hobgoblin barely misses you.
As you read the scroll labelled FIUNU VUPNAPH, it crumbles to dust.
It is a scroll of enchant weapon.
Your +1 dagger glows red for a moment.
A quokka comes into view.
The goblin hits you but does no damage. The hobgoblin misses you.
You barely miss the goblin. The goblin closely misses you.
The hobgoblin misses you.
You hit the goblin.
The goblin is moderately wounded.
The goblin hits you with a +0 club.
* * * LOW HITPOINT WARNING * * *
You closely miss the goblin.
The goblin is moderately wounded.
The hobgoblin misses you. The goblin hits you with a +0 club.
* * * LOW HITPOINT WARNING * * *
Casting: Ensorcelled Hibernation (safe; 9% risk of failure)
Confirm with . or Enter, or press ? or * to list all spells.
Aiming: Ensorcelled Hibernation (safe; 9% risk of failure)
Press: ? - help, Shift-Dir - straight line, f - hobgoblin
Aim: a hobgoblin (severely wounded, chance to affect: 60%)
The hobgoblin resists with significant effort.
The hobgoblin closely misses you. The goblin closely misses you.
Casting: Ensorcelled Hibernation (safe; 9% risk of failure)
Confirm with . or Enter, or press ? or * to list all spells.
Aiming: Ensorcelled Hibernation (safe; 9% risk of failure)
Press: ? - help, Shift-Dir - straight line, f/p - hobgoblin
Aim: a hobgoblin (severely wounded, chance to affect: 60%)
The hobgoblin resists with significant effort.
The hobgoblin barely misses you.
Robin roars a battlecry!
The goblins go into a battle-frenzy!
The goblin barely misses you.
You hear a shout!
You closely miss the goblin.
The goblin is moderately wounded.
The hobgoblin hits you!
You die...

##.....# #...##.# #
#...##.# . ###
#...##)########. ..#
#...+....)...... #)#
#...###.#####... # #.#
#...#...# #.## #.
#.##########g### #g#
#.###...gg@gr.##.# #.#
#.....#######.##.#######.#
#.....#........†.##..g...#
#.....#g#.....#####.######
#.....#.#.###.g.....
#.....'.#.# #.####..
##....###.# ... ###### #..
.... ####.=.##


You could see Robin, a quokka, a hobgoblin (strong) and a goblin (strong).

Vanquished Creatures
  A dart slug (D:1)
  3 bats
  2 giant cockroaches
  5 goblins (D:2)
  6 hobgoblins
  2 jackals (D:1)
  A ball python (D:1)
  2 frilled lizards
  2 kobolds (D:1)
  3 rats (D:1)
27 creatures vanquished.

Notes
Turn   | Place    | Note
-------+----------+-------------------------------------------
     0 | D:1      | freelancePsychic the Vampire Enchanter began the quest for
                  | the Orb.
     0 | D:1      | Reached XP level 1. HP: 13/13 MP: 3/3
   146 | D:1      | Reached XP level 2. HP: 16/19 MP: 5/5
   352 | D:1      | Reached skill level 5 in Stealth
   372 | D:1      | Reached skill level 5 in Hexes
   557 | D:1      | Found a faded altar of an unknown god.
   830 | D:2      | Learned a level 2 spell: Ensorcelled Hibernation
   897 | D:2      | Noticed Robin
   908 | D:2      | Gained mutation: You are afflicted with vampirism and can
                  | become a bat while bloodless. [Vampire growth]
   908 | D:2      | Reached XP level 3. HP: 22/24 MP: 4/6
  1008 | D:2      | Slain by a hobgoblin

Illustrated notes

Levels and vault maps discovered:
D:1:      dpeg_arrival_tiny_i, layout_basic, ebering_ecumenical_altar_petrified
D:2:      layout_basic, uniq_robin

Skill      XL: |  1  2 |
---------------+-------+-----
Stealth        | 5 |  5.3
Hexes          | 5 |  5.2
Short Blades   | |  1.7
Dodging        | |  2.1
Spellcasting   | |  2.0
Ice Magic      | |  0.2

Action                   || total
-------------------------++-------
Melee: Dagger            ||   142
       Bite              ||     7
 Cast: Corona            ||    10
       Ensorcelled Hiber ||     8
  Use: Scroll            ||     1
 Stab: Sleeping          ||     5
Armor: Robe              ||    21
Dodge: Dodged            ||   101

Table legend: (Time is in decaauts)
 A = Elapsed time spent in this place.
 B = Non-inter-level travel time spent in this place.
 C = Inter-level travel time spent in this place.
 D = Time resting spent in this place.
 E = Time spent auto-exploring this place.
 F = Levels seen in this place.
 G = Mean time per level.
                   A        B        C        D        E       F      G
               +--------+--------+--------+--------+--------+-----+--------+
         Total |    998 |    982 |     16 |     46 |    623 |   2 |  499.0 |
       Dungeon |    998 |    982 |     16 |     46 |    623 |   2 |  499.0 |
               +--------+--------+--------+--------+--------+-----+--------+

Top non-repeatable levels by time:
     D:1: 653 daAuts
     D:2: 344 daAuts
